 Dungeon Crawl Stone Soup version 0.25-a0-38-g099c3e1 (webtiles) character file.

Game seed: 2027873160171613299, levelgen mode: deterministic

174 BoppinsLewinski the Insei (level 5, -2/47 HPs)
             Began as a Draconian Monk on Oct 21, 2019.
             Slain by Sigmund
             ... wielding a +2 scythe of venom
              (12 damage)
             ... on level 2 of the Dungeon.
             The game lasted 00:03:33 (1479 turns).

BoppinsLewinski the Insei (Draconian Monk)          Turns: 1479, Time: 00:03:33

Health: -2/47      AC:  5    Str: 14    XL:     5   Next: 28%
Magic:  5/5        EV: 13    Int: 10    God:
Gold:   86         SH:  0    Dex: 14    Spells: 4/4 levels left

rFire    . . .     SeeInvis .     - Unarmed
rCold    . . .     Gourm    .   (no shield)
rNeg     . . .     Faith    .   (armour unavailable)
rPois    .         Spirit   .   (helmet restricted)
rElec    .         Reflect  .   (no cloak)
rCorr    .         Harm     .   (no gloves)
MR       .....                  (no boots)
Stlth    +.........             (no amulet)
HPRegen  0.15/turn              (no ring)
MPRegen  0.09/turn              (no ring)

@: confused, lethally poisoned (-2 -> -35)
A: unfitting armour, cold-blooded, AC +5
a: no special abilities


You were on level 2 of the Dungeon.
You were not hungry.

You visited 1 branch of the dungeon, and saw 2 of its levels.

You collected 86 gold pieces.

Inventory:

Jewellery
 e - an uncursed ring of magical power {unknown}
Scrolls
 c - a scroll of remove curse {unknown}
 d - a scroll of fear {unknown}
 f - a scroll of enchant weapon {unknown}
Comestibles
 a - 5 rations


   Skills:
 + Level 4.3 Fighting
 + Level 3.5 Dodging
 - Level 1.7 Stealth
 * Level 4.7 Unarmed Combat


You had 4 spell levels left.
You didn't know any spells.
Your spell library was empty.

Dungeon Overview and Level Annotations

Branches:
Dungeon (2/15)

Altars:

Annotations:
D:2 Sigmund


Innate Abilities, Weirdness & Mutations

Your plain brown scales are hard. (AC +5)
You cannot fit into any form of body armour.
You are cold-blooded and may be slowed by cold attacks.


Message History

Sigmund be severely wounded.
Ye feel sick.
Tha bat barely misses ye.
Sigmund gestures wildly while chantin'.
Sigmund flickers an' vanishes!
Deactivatin' autopickup; reactivate wit' Ctrl-A.
Unknown command.
Ye closely miss somethin'.
Yer punch misses somethin'.
Ye feel sick.
Tha bat hits ye but does nay damage.
Somethin' hits ye!
* * * LOW HITPOINT WARNIN'
* * * Ye be more poison'd.
Unknown command.
* * * LOW HITPOINT WARNIN'
* * * Ye feel very sick.
Tha bat closely misses ye.
Unknown command.
Yer too confused ta attack without stumblin' around!
* * * LOW HITPOINT WARNIN'
* * * Ye feel very sick.
Tha bat closely misses ye.
Somethin' hits ye!
Ye die...

.. ........ ### #.#.#
........##..
#.#.###...........
#####.#.##............
#................###..
#.........>.##.# #..
#...........##.# #..
#....b.......#.# #..
#....@.....#.#.# #..
#...{......#...# #####
###..########..###....
#... #........### #.#>
#.>......# # #.).
#........### # .#
#####.<..... .!
#..รท.... .. ##......


You could see a bat.

Vanquished Creatures
  A centaur (D:2)
  Terence (D:2)
  3 adders (D:2)
  2 worms (D:2)
  A dart slug (D:1)
  A leopard gecko (D:1)
  A giant cockroach (D:2)
  7 goblins
  4 hobgoblins (D:2)
  3 kobolds
  A quokka (D:2)
  5 bats
  3 frilled lizards
  4 rats
37 creatures vanquished.

Notes
Turn   | Place    | Note
-------+----------+-------------------------------------------
     0 | D:1      | BoppinsLewinski the Draconian Monk began the quest for the
                  | Orb.
     0 | D:1      | Reached XP level 1. HP: 19/19 MP: 1/1
   114 | D:1      | Reached XP level 2. HP: 13/26 MP: 2/2
   737 | D:2      | Noticed Terence
   750 | D:2      | Killed Terence
   750 | D:2      | Reached XP level 3. HP: 25/33 MP: 3/3
   886 | D:2      | Reached XP level 4. HP: 28/40 MP: 4/4
   920 | D:2      | Noticed a centaur
   941 | D:2      | Killed a centaur
   941 | D:2      | Reached XP level 5. HP: 19/46 MP: 5/5
  1466 | D:2      | Noticed Sigmund
  1479 | D:2      | Slain by Sigmund

Levels and vault maps discovered:
D:1:      grunt_arrival_crossed_arrows, layout_rooms, st_stairs_1,
          serial_bayou_pond_d
D:2:      layout_rooms, uniq_terence, uniq_sigmund

Skill      XL: |  1  2  3  4 |
---------------+-------------+-----
Dodging        | 3 |  3.5
Unarmed Combat | 4 |  4.7
Fighting       | 4 |  4.3
Stealth        | |  1.7

Action                   |  1- 3 |  4- 6 || total
-------------------------+-------+-------++-------
Melee: Unarmed           |   120 |    60 ||   180
       Tailslap          |    14 |     9 ||    23
       Punch             |     1 |       ||     1
  Use: Potion            |     1 |     2 ||     3
 Stab: Sleeping          |     1 |     1 ||     2
  Eat: Chunk             |       |     2 ||     2
Armor: Skin              |    22 |    18 ||    40
Dodge: Dodged            |    71 |    41 ||   112

Table legend:
 A = Non-vault XP
 B = Vault XP
 C = Vault XP percentage of total XP
 D = Non-vault monster count
 E = Vault monster count
 F = Vault count percentage of total count
                 A         B        C        D         E       F
            +---------+---------+-------+---------+---------+-------
      Total |     210 |      39 |  15.7 |      34 |       3 |   8.1
            +---------+---------+-------+---------+---------+-------
        D:1 |      18 |       3 |  14.3 |      10 |       2 |  16.7
        D:2 |     192 |      36 |  15.8 |      24 |       1 |   4.0
            +---------+---------+-------+---------+---------+-------
